 Dungeon Crawl Stone Soup version 0.29.1-2-gbd0b4ee654 (webtiles) character file.

Game seed: 7834259398656604601

1019 styxcanada the Covert (level 8, -4/40 HPs)
             Began as a Spriggan Brigand on Oct 23, 2022.
             Slain by a water moccasin (8 damage)
             ... on level 6 of the Dungeon.
             The game lasted 00:24:22 (6746 turns).

styxcanada the Covert (Spriggan Brigand)            Turns: 6746, Time: 00:24:23

Health: -4/40      AC:  0    Str:  9 (10) XL:     8   Next: 2%
Magic:  9/9        EV: 19    Int: 13      God:
Gold:   351        SH:  0    Dex: 18      Spells: 5/8 levels left

rFire   . . .      SeeInvis +   l - +9 hammer "Noeliomn" {flame, Str+3}
rCold   . . .      Faith    .   (no shield)
rNeg    . . .      Spirit   .   b - +0 robe
rPois   .          Reflect  .   (helmet restricted)
rElec   .          Harm     .   c - +1 cloak
rCorr   .          Rampage  .   (gloves unavailable)
Will    +....                   (boots unavailable)
Stlth   +++++.....              (no amulet)
HPRegen 0.13/turn               (no ring)
MPRegen 0.11/turn               (no ring)

@: lethally poisoned (-4 -> -11), corroded, very quick
A: very small, no large weapons, unfitting armour, see invisible, speed 3,
antennae 1, deterioration 1
a: no special abilities


You were on level 6 of the Dungeon.
You visited 2 branches of the dungeon, and saw 7 of its levels.

You collected 351 gold pieces.

Inventory:

Hand Weapons
 a - a +2 dagger
 l - the +9 hammer "Noeliomn" (weapon) {flame, Str+3}
   (You found it on level 3 of the Dungeon)

   It burns those it strikes, dealing additional fire damage.
   Str:       It affects your strength (+3).
 m - a +4 quarterstaff of chaos
 p - the +7 hammer "Xuod" {vorpal, rElec rPois Will+}
   (You found it on level 3 of the Dungeon)

   It inflicts extra damage upon your enemies.
   rElec:     It insulates you from electricity.
   rPois:     It protects you from poison.
   Will:      It increases your willpower.
 r - a +2 sling of flaming
Missiles
 d - 25 poisoned darts
 e - 5 curare-tipped darts (quivered)
 f - 47 stones
Armour
 b - a +0 robe (worn)
 c - a +1 cloak (worn)
Magical Staves
 g - a staff of poison
Jewellery
 s - an amulet of the acrobat
 y - a ring of fire
Wands
 u - a wand of charming (4)
 B - a wand of iceblast (6)
Scrolls
 j - a scroll of teleportation
 o - a scroll of poison
 w - a scroll of summoning
 x - 2 scrolls of enchant armour
Potions
 h - 2 potions of flight
 i - 2 potions of invisibility
 k - 2 potions of curing
 n - a potion of cancellation
 q - a potion of lignification {unknown}
 t - a potion of mutation
 v - a potion of attraction {unknown}
 z - a potion of ambrosia {unknown}
 A - a potion of heal wounds {unknown}


   Skills:
 * Level 3.0 Fighting
 + Level 3.8 Short Blades
 + Level 1.9 Maces & Flails
 + Level 3.0 Throwing
 * Level 4.8 Dodging
 * Level 10.1 Stealth
 * Level 0.6 Spellcasting
 * Level 0.3 Conjurations
 * Level 0.5 Earth Magic
 * Level 3.4 Evocations


You had 5 spell levels left.
You knew the following spells:

 Your Spells              Type           Power      Damage    Failure   Level
a - Stone Arrow           Conj/Erth      2%         3d7       58%         3

Your spell library contained the following spells:

 Spells                   Type           Power      Damage    Failure   Level
 Frozen Ramparts          Ice            0%         1d1       65%         3
 Gell's Gravitas          Tloc           0%         N/A       65%         3
 Ice Form                 Ice/Tmut       0%         N/A       96%         4
 Summon Ice Beast         Ice/Summ       0%         N/A       96%         4
 Dispersal                Tloc           0%         N/A       100%        6
 Iron Shot                Conj/Erth      0%         9d1       100%        6


Dungeon Overview and Level Annotations

Branches:
Dungeon (6/15)             Temple (1/1) D:4

Altars:
Ashenzari
Cheibriados
Dithmenos
Elyvilon
Fedhas
Hepliaklqana
Kikubaaqudgha
Nemelex Xobeh
Qazlal
Ru
Sif Muna
Trog
Uskayaw
Wu Jian
Xom
Yredelemnul
The Shining One

Shops:
D:4 =


Innate Abilities, Weirdness & Mutations

You are very small and have problems with some larger weapons.
You are too small for most types of armour.
You have supernaturally acute eyesight. (SInv)
You cover ground extremely quickly. (Speed+++)
You have a pair of small antennae on your head.
Your body sometimes deteriorates upon taking damage.


Message History

The gnoll completely misses you.
Aiming: Iceblast
Press: ? - help, Shift-Dir - straight line, f/p - gnoll
Aim: a gnoll, wielding a +0 spear (almost dead)
The mass of ice explodes!
The iceblast engulfs the gnoll!
You kill the gnoll!
The iceblast engulfs the kobold brigand!!
You kill the kobold brigand!
The iceblast engulfs the acid dragon!
The acid dragon is almost dead.
The acid dragon spits acid at you. The splash of acid hits you!!
Ouch! That really hurt!
* * * LOW HITPOINT WARNING * * *
You have reached level 8!
You climb upwards.
There is a stone staircase leading down here.
You start resting.
HP restored.
You climb downwards.
The water moccasin bites you. The acid dragon spits acid at you.
The splash of acid misses you. The water moccasin bites you.
There is a stone staircase leading up here.
You sock the acid dragon! You burn the acid dragon.
The acid dragon is heavily wounded.
The water moccasin barely misses you. The acid dragon closely misses you.
The acid dragon misses you. The water moccasin bites you.
You are poisoned.
The water moccasin poisons you! The acid dragon closely misses you. x2
You hit the acid dragon. You burn the acid dragon.
The acid dragon is severely wounded.
You feel very sick. The water moccasin barely misses you.
The acid dragon spits acid at you. The splash of acid hits you!!
Ouch! That really hurt!
* * * LOW HITPOINT WARNING * * *
Your body deteriorates!
You feel weakened. The acid corrodes you! The water moccasin bites you!
You die...

#.# ..#. ##.#####....
..... $..#.. #... )...
.... #..###.#####.##
#..#..$..#.....
##########).#[....#.#.#.
.......@DKK...[/.[..)#.g
#######S##..#.....#.#.#K
#.##$.#..)..#.....
#.##..###.#####J##
#.##.....K.K#8...8
#......####.#.....
#......####..K.8..
#...<.......#.....
#......###..#8...8


You could see a water moccasin, an acid dragon (catching breath) and 2 kobolds.

Vanquished Creatures
  Eustachio (D:5)
  An ogre (D:5)
  A kobold brigand (D:6)
  2 scorpions
  A jelly (D:6)
  2 orc priests
  Crazy Yiuf (D:3)
  A hound (D:4)
  Ijyb (D:4)
  2 iguanas (D:4)
  Natasha (thrice) (D:4)
  An orc wizard (D:2)
  10 gnolls
  3 adders
  A shadow imp (D:5)
  2 worms
  2 dart slugs
  12 orcs
  10 ball pythons
  8 endoplasms
  6 giant cockroaches
  6 goblins
  5 hobgoblins
  8 jackals
  6 kobolds
  2 quokkas
  8 bats
  5 frilled lizards
  16 rats
127 creatures vanquished.

Vanquished Creatures (collateral kills)
  A hound (D:4)
  2 gnolls (D:4)
  A ball python (D:4)
4 creatures vanquished.

Vanquished Creatures (others)
  A shadow (D:6)
  A fungus (D:3)
2 creatures vanquished.

Grand Total: 133 creatures vanquished

Notes
Turn   | Place    | Note
-------+----------+-------------------------------------------
     0 | D:1      | styxcanada the Spriggan Brigand began the quest for the
                  | Orb.
     0 | D:1      | Reached XP level 1. HP: 10/10 MP: 2/2
    45 | D:1      | Reached skill level 6 in Stealth
   203 | D:1      | Reached XP level 2. HP: 9/14 MP: 3/3
   676 | D:1      | Reached skill level 7 in Stealth
   781 | D:1      | Reached XP level 3. HP: 7/18 MP: 4/4
  1584 | D:1      | Found a faded altar of an unknown god.
  1746 | D:2      | Reached XP level 4. HP: 23/23 MP: 5/5
  2066 | D:2      | Found a white marble altar of Elyvilon.
  2416 | D:2      | Reached skill level 8 in Stealth
  3085 | D:2      | Reached XP level 5. HP: 23/26 MP: 6/6
  3971 | D:3      | Found a runed translucent door.
  3971 | D:3      | Identified the +9 hammer "Noeliomn" {flame, Str+3}
  3973 | D:3      | Noticed Crazy Yiuf
  3980 | D:3      | Killed Crazy Yiuf
  3985 | D:3      | Identified the +7 hammer "Xuod" {vorpal, rElec rPois Will+}
  4095 | D:4      | Found Esaf's Jewellery Boutique.
  4136 | D:4      | Reached XP level 6. HP: 30/30 MP: 7/7
  4142 | D:4      | Reached skill level 1 in Evocations
  4540 | D:4      | Noticed Natasha
  4550 | D:4      | Killed Natasha
  4726 | D:4      | Noticed Natasha
  4730 | D:4      | Killed Natasha
  4756 | D:4      | Reached skill level 9 in Stealth
  4941 | D:4      | Found a shimmering altar of Xom.
  4966 | D:4      | Noticed Ijyb
  4979 | D:4      | Killed Ijyb
  5035 | D:4      | Found a staircase to the Ecumenical Temple.
  5041 | Temple   | Entered the Ecumenical Temple
  5094 | D:4      | Got the Quarto of Stones and the Compass
  5180 | D:4      | Reached XP level 7. HP: 19/35 MP: 8/8
  5182 | D:4      | Gained mutation: You have a pair of small antennae on your
                  | head. [potion of mutation]
  5182 | D:4      | Gained mutation: Your body sometimes deteriorates upon
                  | taking damage. [potion of mutation]
  5546 | D:4      | Found a broken altar of Ashenzari.
  5659 | D:4      | Identified the +1 pair of gloves of the Albatross {rPois
                  | Dex+3 Slay+3 SInv}
  5682 | D:4      | Found a snail-covered altar of Cheibriados.
  5740 | D:4      | Noticed Natasha
  5743 | D:4      | Killed Natasha
  5794 | D:5      | Entered Level 5 of the Dungeon
  5799 | D:5      | Reached skill level 1 in Maces & Flails
  5904 | D:5      | Noticed Eustachio
  5920 | D:5      | Killed Eustachio
  6022 | D:5      | Found a bloodstained altar of Trog.
  6090 | D:5      | Learned a level 3 spell: Stone Arrow
  6452 | D:6      | Noticed a shadow
  6463 | D:6      | Killed a shadow
  6471 | D:6      | Reached skill level 10 in Stealth
  6473 | D:6      | Reached XP level 8. HP: 4/40 MP: 9/9
  6746 | D:6      | Slain by a water moccasin

Illustrated notes

Levels and vault maps discovered:
D:1:      dpeg_arrival_rhombi, layout_basic, shapermc_ecumenical_altar_pompeii,
          minmay_rat_gold_closets
D:2:      layout_rooms, basic_altar
D:3:      layout_basic, minmay_misc_feat_x, fountainhead, st_stairs_5,
          uniq_crazy_yiuf_cottage
D:4:      layout_basic, lemuel_doored_altar, kennysheep_slug_shrine,
          mainiacjoe_overflow_surrounded_room, minmay_temple_entry_offerings,
          serial_shops, shop, hangedman_decor_clover_reticule, uniq_ijyb,
          uniq_natasha
D:5:      layout_loops_ring, old_standard_altar, minmay_misc_feat_four_crosses,
          uniq_eustachio
D:6:      layout_basic, mainiacjoe_overflow_concentric_impassable,
          minmay_chambers_of_fives
Temple:   nicolae_temple_ecumenical_triangle

Skill      XL: |  1  2  3  4  5  6  7 |
---------------+----------------------+-----
Stealth        | 6 7 8 9 10 | 10.1
Dodging        | 2 3 4 |  4.8
Short Blades   | 3 |  3.8
Fighting       | 2 3 |  3.0
Evocations     | 2 3 |  3.4
Maces & Flails | 1 |  1.9
Throwing       | 3 |  3.0
Spellcasting   | |  0.6
Conjurations   | |  0.3
Earth Magic    | |  0.5

Action                   |  1- 3 |  4- 6 |  7- 9 || total
-------------------------+-------+-------+-------++-------
Melee: Dagger            |   104 |   120 |     1 ||   225
       Punch             |     1 |     3 |       ||     4
       Mace              |       |    40 |    30 ||    70
Throw: Dart              |     2 |    29 |    11 ||    42
Evoke: Wand              |       |       |     2 ||     2
  Use: Scroll            |       |     9 |     3 ||    12
       Potion            |       |       |     1 ||     1
 Stab: Sleeping          |    15 |    11 |     5 ||    31
Armor: Robe              |    18 |    16 |     3 ||    37
Dodge: Dodged            |    68 |   154 |    30 ||   252
